 Dungeon Crawl Stone Soup version 0.30.0-29-ga12c61a403 (webtiles) character file.

Game seed: 6836473013750877798

27584 qw the Cleaver (level 13, -2/90 HPs)
             Began as a Gargoyle Fighter on June 5, 2023.
             Was an Elder of Okawaru.
             Slain by a blink frog (8 damage)
             ... on level 4 of the Lair of Beasts.
             The game lasted 00:06:17 (13550 turns).

qw the Cleaver (Gargoyle Fighter)                  Turns: 13550, Time: 00:06:17

Health: -2/90      AC: 31    Str: 27    XL:     13   Next: 33%
Magic:  19/20      EV: 10    Int:  8    God:    Okawaru [****..]
Gold:   356        SH: 13    Dex: 13    Spells: 12/12 levels left

rFire   + . .        k - +2 war axe (spect)
rCold   + + .        j - +0 kite shield
rNeg    + . .        f - +2 plate armour
rPois   inf          (no helmet)
rElec   +            (no cloak)
rCorr   .            i - +2 pair of gloves
SInv    +            (no boots)
Will    .....        (no amulet) Stlth
                     s - ring of protection from fire
HPRegen 0.35/turn    a - ring "Nowyrati" {rPois rC+ Str+3 SInv}
MPRegen 0.17/turn

%: no passive effects
@: heroic
A: sickness immunity, AC +9, negative energy resistance 1, electricity
resistance, torment resistance 1, petrification resistance, agile 1, cold
resistance 1, robust 1
a: Renounce Religion, Heroism, Finesse


You were on level 4 of the Lair of Beasts.
You worshipped Okawaru.
Okawaru was greatly pleased with you.
You visited 2 branches of the dungeon, and saw 14 of its levels.

You collected 1003 gold pieces.
You spent 647 gold pieces at shops.


Innate Abilities, Weirdness & Mutations

You are immune to sickness and miasma.
Your stone body is resilient. (AC +9)
You are immune to poison.
You resist negative energy. (rN+)
You are resistant to electric shocks. (rElec)
You are resistant to unholy torment.
You are immune to petrification.
You are agile. (Dex +4, Str/Int -1)
Your flesh is cold resistant. (rC+)
You are robust. (+10% HP)


   Skills:
 - Level 10.0(15.0) Fighting
 + Level 12.1(17.1) Axes
 - Level 4.8(9.8) Throwing
 - Level 8.0(13.0) Armour
 - Level 3.4(8.4) Dodging
 - Level 10.8(15.8) Shields
 - Level 10.0 Invocations


You had 12 spell levels left.
You didn't know any spells.
Your spell library was empty.

Inventory:

Hand Weapons
 k - a +2 spectral war axe (weapon)
 w - the +5 whip of Saroerehy {speed, Str+5}
   (You found it on level 2 of the Lair of Beasts)

   Str:       It affects your strength (+5).
Missiles
 h - 7 boomerangs (quivered)
Armour
 c - a +1 chain mail of cold resistance
 f - a +2 plate armour (worn)
 i - a +2 pair of gloves (worn)
 j - a +0 kite shield (worn)
Jewellery
 a - the ring "Nowyrati" (right hand) {rPois rC+ Str+3 SInv}
   (You found it on level 5 of the Dungeon)

   [ring of poison resistance]

   Str:       It affects your strength (+3).
   rC:        It protects you from cold.
   rPois:     It protects you from poison.
   SInv:      It lets you see invisible.
 n - a ring of see invisible
 s - a ring of protection from fire (left hand)
Wands
 r - a wand of digging (3)
Scrolls
 e - 5 scrolls of identify
Potions
 b - 5 potions of attraction
 d - 2 potions of might
 g - a potion of magic
 l - a potion of haste
 m - 3 potions of lignification
 t - 2 potions of curing
 u - a potion of resistance
 v - 3 potions of mutation

Dungeon Overview and Level Annotations

Branches:
Dungeon (10/15)            Temple (0/1) D:5            Lair (4/5) D:10
 Shoals (0/4) Lair:2        Snake (0/4) Lair:3        Slime (0/5) Lair:4
    Orc (0/2) D:10

Altars:
Ashenzari
Dithmenos
Elyvilon
Fedhas
Gozag
Kikubaaqudgha
Makhleb
Nemelex Xobeh
Okawaru
Ru
Sif Muna
Wu Jian
Xom
Yredelemnul
Zin
Jiyva

Shops:
D:3 [   D:9 *   D:10 ?


Message History

The blink frog blinks!
A blink frog comes into view. x2
You are too injured to fight recklessly!
The blink frog croaks. x2
A blink frog comes into view.
The blink frog blinks!
The blink frog croaks.
You hit the elephant.
The elephant is lightly wounded.
You slash the blink frog!
Your +2 spectral war axe hits the elephant!!
Your +2 spectral war axe hits the blink frog!
Your +2 spectral war axe misses the blink frog.
Your +2 spectral war axe hits the elephant!
You block the blink frog's attack.
You hit the elephant.
The elephant is heavily wounded.
You hit the blink frog.
Your +2 spectral war axe hits the elephant!
Your +2 spectral war axe hits the blink frog! x2
You kill the blink frog!
Okawaru accepts your kill.
Your +2 spectral war axe hits the elephant but does no damage.
The elephant tramples you but does no damage.
The elephant closely misses you.
The blink frog blinks!
You slice the elephant!!
You kill the elephant!
Okawaru accepts your kill.
Your +2 spectral war axe disappears.
You barely miss the blink frog.
Your +2 spectral war axe completely misses the blink frog.
The blink frog hits you but does no damage.
You barely miss the blink frog. x2
Your +2 spectral war axe misses the blink frog.
Your +2 spectral war axe closely misses the blink frog.
Your +2 spectral war axe misses the blink frog.
Your +2 spectral war axe hits the blink frog.
The blink frog hits you but does no damage.
The blink frog hits you!
You die...

#.## ##...#
#
##.#..##.#
##.........
#...>......
#..........
#..(F......
#..@FF.F...
#..........
##.........
..........
##.........
#.........
#.........
#.........


You could see 4 blink frogs and a friendly +2 spectral war axe.

Vanquished Creatures
  Gastronok (Lair:1)
  4 hydras
  A two-headed ogre (D:9)
  A lindwurm (Lair:2)
  Pikel (D:4)
  An ugly thing (D:10)
  An oklob plant (Lair:4)
  10 elephants
  Joseph (D:7)
  5 black mambas
  2 cane toads (Lair:3)
  2 rime drakes
  3 komodo dragons
  2 kobold demonologists
  16 blink frogs
  4 wyverns
  3 wraiths
  18 yaks
  3 basilisks (Lair:1)
  A steam dragon (Lair:2)
  Grum (D:8)
  16 water moccasins
  5 orc warriors
  2 hornet zombies (D:6)
  A sky beast (D:7)
  4 black bears
  2 ogres
  7 centaurs
  9 wolves
  4 kobold brigands
  6 bullfrogs
  3 gnoll sergeants
  A wyvern zombie (D:6)
  2 necrophages (D:6)
  A scorpion (D:4)
  A wight (D:10)
  6 killer bees (D:9)
  2 bullfrog zombies (D:6)
  3 hounds
  A centaur zombie (D:6)
  A jelly (D:6)
  A human zombie (D:6)
  5 orc priests
  Ijyb (D:5)
  5 iguanas
  14 orc wizards
  A sleepcap (D:5)
  2 killer bee zombies (D:6)
  A mummy (D:6)
  11 gnolls
  11 adders
  A white imp (D:6)
  An ufetubus (D:7)
  A worm (D:2)
  5 dart slugs
  41 orcs
  5 ball pythons
  5 bats
  5 endoplasms
  3 giant cockroaches
  10 goblins
  9 hobgoblins
  6 quokkas
  4 frilled lizards
  6 kobolds
  5 rats
317 creatures vanquished.

Vanquished Creatures (others)
  4 spectral weapons
4 creatures vanquished.

Grand Total: 321 creatures vanquished

Notes
Turn   | Place    | Note
-------+----------+-------------------------------------------
     0 | D:1      | qw the Gargoyle Fighter began the quest for the Orb.
     0 | D:1      | Reached XP level 1. HP: 14/14 MP: 1/1
     0 | D:1      | 0 ||| qw: Version: 0.2-a-108-gee2c290
     0 | D:1      | 0 ||| qw: Game counter: 1504
     0 | D:1      | 0 ||| qw: Always use a shield: true
     0 | D:1      | 0 ||| qw: God list: Okawaru
     0 | D:1      | 0 ||| qw: Allow faded altars: false
     0 | D:1      | 0 ||| qw: Do Orc after D:15 true
     0 | D:1      | 0 ||| qw: Do second Lair branch before Depths: true
     0 | D:1      | 0 ||| qw: Lair rune preference: random
     0 | D:1      | 0 ||| qw: Plans: Normal, Zot:1-4, Slime:5, God:TSO, Crypt,
                  | Tomb, Abyss, Pan, Hells, Win
     0 | D:1      | 0 ||| PLANNING D:1-11
    92 | D:1      | Reached skill level 2 in Axes
   136 | D:1      | Reached XP level 2. HP: 15/19 MP: 2/2
   207 | D:1      | 207 ||| Stepping ~*~*~tactically~*~*~ (stealth).
   208 | D:1      | 208 ||| Stepping ~*~*~tactically~*~*~ (stealth).
   227 | D:1      | 227 ||| Stepping ~*~*~tactically~*~*~ (stealth).
   346 | D:1      | 346 ||| Stepping ~*~*~tactically~*~*~ (stealth).
   347 | D:1      | 347 ||| Stepping ~*~*~tactically~*~*~ (stealth).
   348 | D:1      | 348 ||| Stepping ~*~*~tactically~*~*~ (stealth).
   349 | D:1      | 349 ||| Stepping ~*~*~tactically~*~*~ (stealth).
   554 | D:1      | Reached skill level 3 in Axes
   590 | D:1      | Found a faded altar of an unknown god.
   616 | D:1      | Reached XP level 3. HP: 23/23 MP: 3/3
   899 | D:1      | 899 ||| UPGRADING to +0 plate armour.
   909 | D:1      | 909 ||| DROPPING +0 scale mail.
   910 | D:1      | 910 ||| READING scroll labelled FULISCHU NAYLA.
   911 | D:1      | 911 ||| READING scroll labelled EMETOBL GENUERGH.
   936 | D:2      | 936 ||| Stepping ~*~*~tactically~*~*~ (hiding).
  1119 | D:2      | 1119 ||| Stepping ~*~*~tactically~*~*~ (hiding).
  1120 | D:2      | 1120 ||| Stepping ~*~*~tactically~*~*~ (hiding).
  1179 | D:2      | 1179 ||| Stepping ~*~*~tactically~*~*~ (stealth).
  1266 | D:2      | Reached XP level 4. HP: 26/28 MP: 4/4
  1490 | D:2      | Reached skill level 4 in Axes
  1707 | D:2      | 1707 ||| UPGRADING to ring of see invisible.
  1708 | D:2      | 1708 ||| READING scroll labelled VIMOYL POIRO.
  1709 | D:2      | 1709 ||| READING scroll labelled POTAFAUFUO.
  1714 | D:2      | 1714 ||| READING scroll labelled MAXKEGGOSCHE.
  1715 | D:2      | 1715 ||| READING scroll labelled ALOCO MECION.
  1982 | D:3      | Found Titud's Antique Armour Emporium.
  1992 | D:3      | 1992 ||| BUYING pair of gloves (112 gold).
  1992 | D:3      | Bought a pair of gloves for 112 gold pieces
  1992 | D:3      | 1992 ||| SHOPLISTING pair of runed gloves (187 gold, have
                  | 34).
  1992 | D:3      | 1992 ||| SHOPLISTING tower shield (112 gold, have 34).
  2168 | D:3      | 2168 ||| DROPPING +0 flail.
  2171 | D:3      | 2171 ||| Stepping ~*~*~tactically~*~*~ (hiding).
  2188 | D:3      | Reached XP level 5. HP: 27/32 MP: 5/5
  2255 | D:3      | Found an iron altar of Okawaru.
  2256 | D:3      | 2256 ||| PLANNING OKAWARU WORSHIP
  2256 | D:3      | 2256 ||| UPGRADING to +0 pair of gloves.
  2261 | D:3      | 2261 ||| READING scroll labelled XEERESCH PUOMP.
  2262 | D:3      | 2262 ||| READING scroll labelled JINYTAESIA.
  2263 | D:3      | 2263 ||| DRINKING 3 coppery potions.
  2264 | D:3      | 2264 ||| READING 2 scrolls of identify.
  2264 | D:3      | 2264 ||| IDENTIFYING lumpy pink potion
  2272 | D:3      | Became a worshipper of Warmaster Okawaru
  2272 | D:3      | 2272 ||| PLANNING D:1-11
  2360 | D:3      | 2360 ||| Stepping ~*~*~tactically~*~*~ (stealth).
  2361 | D:3      | 2361 ||| Stepping ~*~*~tactically~*~*~ (stealth).
  2423 | D:3      | Reached skill level 5 in Axes
  2429 | D:3      | HP: 8/32 [orc wizard/puff of flame (2)]
  2430 | D:3      | 2430 ||| DRINKING 2 potions of heal wounds.
  2857 | D:4      | 2857 ||| Stepping ~*~*~tactically~*~*~ (stealth).
  2881 | D:4      | Reached XP level 6. HP: 38/38 MP: 6/6
  2921 | D:4      | 2921 ||| Stepping ~*~*~tactically~*~*~ (stealth).
  2991 | D:4      | Found a burning altar of Makhleb.
  3072 | D:4      | Noticed a water moccasin
  3086 | D:4      | Killed a water moccasin
  3087 | D:4      | Reached skill level 6 in Axes
  3203 | D:4      | 3203 ||| Stepping ~*~*~tactically~*~*~ (stealth).
  3204 | D:4      | 3204 ||| Stepping ~*~*~tactically~*~*~ (stealth).
  3206 | D:4      | 3206 ||| Stepping ~*~*~tactically~*~*~ (hiding).
  3207 | D:4      | 3207 ||| Stepping ~*~*~tactically~*~*~ (hiding).
  3209 | D:4      | 3209 ||| Stepping ~*~*~tactically~*~*~ (hiding).
  3210 | D:4      | 3210 ||| Stepping ~*~*~tactically~*~*~ (hiding).
  3211 | D:4      | 3211 ||| Stepping ~*~*~tactically~*~*~ (hiding).
  3382 | D:4      | 3382 ||| Stepping ~*~*~tactically~*~*~ (hiding).
  3463 | D:4      | 3463 ||| READING scroll labelled MECZUO HAUCENN.
  3464 | D:4      | 3464 ||| READING scroll labelled ROUKHL KUMUR.
  3465 | D:4      | 3465 ||| DRINKING 2 grey potions.
  3466 | D:4      | 3466 ||| READING 2 scrolls of identify.
  3466 | D:4      | 3466 ||| IDENTIFYING bubbling puce potion
  3532 | D:5      | Entered Level 5 of the Dungeon
  3532 | D:5      | Noticed Pikel
  3534 | D:5      | 3534 ||| STAIRDANCE
  3542 | D:4      | Reached XP level 7. HP: 24/43 MP: 7/7
  3620 | D:5      | 3620 ||| STAIRDANCE
  3625 | D:4      | Killed Pikel
  3625 | D:4      | Reached * piety under Okawaru
  3626 | D:4      | Reached XP level 8. HP: 15/48 MP: 8/8
  3626 | D:4      | 3626 ||| INVOKING Heroism.
  3626 | D:4      | HP: 12/48 [hound (4)]
  3627 | D:4      | 3627 ||| READING scroll of teleportation.
  3628 | D:4      | 3628 ||| DRINKING potion of heal wounds.
  3691 | D:5      | 3691 ||| STAIRDANCE
  3744 | D:5      | Identified the ring "Nowyrati" {rPois rC+ Str+3 SInv}
  3750 | D:5      | Identified the +0 ring mail of the Other Side {rN+}
  3780 | D:5      | Found a staircase to the Ecumenical Temple.
  3856 | D:5      | Reached skill level 1 in Invocations
  3913 | D:5      | 3913 ||| INVOKING Heroism.
  3926 | D:5      | Noticed Ijyb
  3933 | D:5      | Reached skill level 3 in Invocations
  3935 | D:5      | 3935 ||| INVOKING Heroism.
  3946 | D:5      | Killed Ijyb
  4070 | D:5      | Found a broken altar of Ashenzari.
  4102 | D:5      | 4102 ||| READING scroll of enchant armour.
  4102 | D:5      | 4102 ||| ENCHANTING +0 pair of gloves.
  4217 | D:5      | Found a shimmering altar of Xom.
  4245 | D:5      | 4245 ||| INVOKING Heroism.
  4520 | D:5      | 4520 ||| UPGRADING to ring "Nowyrati" {rPois rC+ Str+3
                  | SInv}.
  4521 | D:5      | 4521 ||| REMOVING ring of see invisible.
  4522 | D:5      | 4522 ||| DROPPING ring of see invisible.
  4523 | D:5      | 4523 ||| READING 3 scrolls of identify.
  4523 | D:5      | 4523 ||| IDENTIFYING bubbling orange potion
  4524 | D:5      | 4524 ||| READING 2 scrolls of identify.
  4524 | D:5      | 4524 ||| IDENTIFYING brown potion
  4525 | D:5      | 4525 ||| DROPPING potion of flight.
  4590 | D:6      | Reached ** piety under Okawaru
  4613 | D:6      | Reached skill level 1 in Dodging
  4665 | D:6      | Noticed a wraith
  4666 | D:6      | 4666 ||| Stepping ~*~*~tactically~*~*~ (stealth).
  4670 | D:6      | 4670 ||| INVOKING Heroism.
  4729 | D:6      | Found a sparkling altar of Nemelex Xobeh.
  4729 | D:6      | Found a shimmering blue altar of Sif Muna.
  4776 | D:6      | 4776 ||| INVOKING Heroism.
  4785 | D:6      | Reached skill level 7 in Axes
  4863 | D:6      | Found a blossoming altar of Fedhas.
  4877 | D:6      | Reached XP level 9. HP: 52/53 MP: 12/12
  4877 | D:6      | 4877 ||| Stepping ~*~*~tactically~*~*~ (hiding).
  4879 | D:6      | 4879 ||| Stepping ~*~*~tactically~*~*~ (stealth).
  4890 | D:6      | 4890 ||| INVOKING Heroism.
  4907 | D:6      | 4907 ||| INVOKING Heroism.
  5068 | D:6      | Found a white marble altar of Elyvilon.
  5171 | D:6      | Noticed a kobold demonologist
  5180 | D:6      | Reached skill level 8 in Axes
  5182 | D:6      | Noticed a hellwing
  5182 | D:6      | 5182 ||| INVOKING Heroism.
  5194 | D:6      | HP: 8/54 [hellwing[a kobold demonologist] (6)]
  5197 | D:6      | Killed a kobold demonologist
  5198 | D:6      | Reached skill level 6 in Fighting
  5408 | D:6      | 5408 ||| INVOKING Heroism.
  5530 | D:6      | 5530 ||| INVOKING Heroism.
  5734 | D:6      | Found an ancient bone altar of Kikubaaqudgha.
  5832 | D:6      | 5832 ||| UPGRADING to +0 kite shield.
  5842 | D:6      | 5842 ||| DROPPING +0 buckler.
  5843 | D:6      | 5843 ||| DRINKING 2 white potions.
  5844 | D:6      | 5844 ||| READING 3 scrolls of identify.
  5844 | D:6      | 5844 ||| IDENTIFYING fizzy emerald potion
  5845 | D:6      | 5845 ||| READING 2 scrolls of identify.
  5845 | D:6      | 5845 ||| IDENTIFYING cyan potion
  5846 | D:6      | 5846 ||| DROPPING potion of invisibility.
  5847 | D:6      | 5847 ||| DROPPING potion of brilliance.
  5862 | D:7      | 5862 ||| INVOKING Heroism.
  6125 | D:7      | Found an ornate altar of the Wu Jian Council.
  6214 | D:7      | Reached XP level 10. HP: 61/61 MP: 13/13
  6474 | D:7      | Noticed Joseph
  6488 | D:7      | 6488 ||| INVOKING Heroism.
  6493 | D:7      | Killed Joseph
  6494 | D:7      | Reached skill level 6 in Shields
  7142 | D:7      | 7142 ||| DROPPING scarf of shadows.
  7143 | D:7      | 7143 ||| READING 2 scrolls labelled FUIPTAON OPSO.
  7144 | D:7      | 7144 ||| DROPPING scroll of vulnerability.
  7188 | D:8      | 7188 ||| DRINKING potion of curing.
  7188 | D:8      | 7188 ||| (to cure confusion)
  7453 | D:8      | 7453 ||| DROPPING +4 flail.
  7473 | D:8      | Found a glowing silver altar of Zin.
  7550 | D:8      | 7550 ||| INVOKING Heroism.
  7606 | D:8      | Found a sacrificial altar of Ru.
  7620 | D:8      | Noticed Grum
  7621 | D:8      | 7621 ||| INVOKING Heroism.
  7640 | D:8      | Killed Grum
  7645 | D:8      | Reached skill level 9 in Axes
  7740 | D:8      | Found an opulent altar of Gozag.
  7746 | D:8      | 7746 ||| READING scroll labelled ETZEPT NEWKE.
  7747 | D:8      | 7747 ||| DRINKING 2 inky potions.
  7747 | D:8      | Gained mutation: Your flesh is cold resistant. (rC+)
                  | [potion of mutation]
  7747 | D:8      | Gained mutation: You are agile. (Dex +4, Str/Int -1)
                  | [potion of mutation]
  7747 | D:8      | Gained mutation: You are robust. (+10% HP) [potion of
                  | mutation]
  7805 | D:9      | Noticed a two-headed ogre
  7806 | D:9      | 7806 ||| INVOKING Heroism.
  7813 | D:9      | Killed a two-headed ogre
  7871 | D:9      | 7871 ||| INVOKING Heroism.
  7880 | D:9      | Reached *** piety under Okawaru
  7989 | D:9      | 7989 ||| Stepping ~*~*~tactically~*~*~ (hiding).
  7990 | D:9      | 7990 ||| Stepping ~*~*~tactically~*~*~ (hiding).
  8190 | D:9      | 8190 ||| READING scroll of enchant armour.
  8190 | D:9      | 8190 ||| ENCHANTING +1 pair of gloves.
  8199 | D:9      | 8199 ||| Stepping ~*~*~tactically~*~*~ (hiding).
  8364 | D:9      | 8364 ||| Stepping ~*~*~tactically~*~*~ (hiding).
  8365 | D:9      | 8365 ||| Stepping ~*~*~tactically~*~*~ (hiding).
  8400 | D:9      | 8400 ||| Stepping ~*~*~tactically~*~*~ (stealth).
  8404 | D:9      | 8404 ||| Stepping ~*~*~tactically~*~*~ (hiding).
  8523 | D:9      | 8523 ||| READING scroll of enchant armour.
  8523 | D:9      | 8523 ||| ENCHANTING +0 plate armour.
  8563 | D:9      | Identified the +4 ring mail of Words of Power {rN+ Will+}
  8597 | D:9      | Found Wil Wiral's Assorted Antiques.
  8602 | D:9      | 8602 ||| BUYING iron ring (160 gold).
  8602 | D:9      | Bought an iron ring for 160 gold pieces
  8602 | D:9      | 8602 ||| SHOPLISTING pair of bloodstained gloves (304 gold,
                  | have 278).
  8602 | D:9      | 8602 ||| BUYING scroll of enchant weapon (240 gold).
  8602 | D:9      | Bought a scroll of enchant weapon for 240 gold pieces
  8602 | D:9      | 8602 ||| READING scroll of enchant weapon.
  8602 | D:9      | 8602 ||| ENCHANTING +1 spectral war axe.
  8656 | D:9      | 8656 ||| UPGRADING to ring of protection from fire.
  8657 | D:9      | 8657 ||| READING 3 scrolls of identify.
  8657 | D:9      | 8657 ||| IDENTIFYING sedimented ruby potion
  8658 | D:9      | 8658 ||| READING 2 scrolls of identify.
  8658 | D:9      | 8658 ||| IDENTIFYING lumpy puce potion
  8659 | D:9      | 8659 ||| DROPPING potion of ambrosia.
  8674 | D:10     | Entered Level 10 of the Dungeon
  8678 | D:10     | Reached skill level 9 in Shields
  8679 | D:10     | 8679 ||| INVOKING Heroism.
  8682 | D:10     | Reached XP level 11. HP: 56/73 MP: 11/14
  8688 | D:10     | Reached skill level 10 in Axes
  8767 | D:10     | Noticed a green ugly thing
  8778 | D:10     | Killed a green ugly thing
  8778 | D:10     | Reached **** piety under Okawaru
  8830 | D:10     | 8830 ||| Stepping ~*~*~tactically~*~*~ (hiding).
  8841 | D:10     | 8841 ||| FLEEEEING.
  8875 | D:10     | 8875 ||| Stepping ~*~*~tactically~*~*~ (stealth).
  8877 | D:10     | 8877 ||| Stepping ~*~*~tactically~*~*~ (stealth).
  8895 | D:10     | Found a staircase to the Orcish Mines.
  8900 | D:10     | 8900 ||| Stepping ~*~*~tactically~*~*~ (stealth).
  8906 | D:10     | 8906 ||| Stepping ~*~*~tactically~*~*~ (stealth).
  8912 | D:10     | 8912 ||| INVOKING Heroism.
  8918 | D:10     | Reached skill level 6 in Armour
  8963 | D:10     | 8963 ||| Stepping ~*~*~tactically~*~*~ (stealth).
  8981 | D:10     | 8981 ||| Stepping ~*~*~tactically~*~*~ (stealth).
  8989 | D:10     | 8989 ||| Stepping ~*~*~tactically~*~*~ (stealth).
  9001 | D:10     | 9001 ||| FLEEEEING.
  9002 | D:10     | 9002 ||| FLEEEEING.
  9003 | D:10     | 9003 ||| FLEEEEING.
  9004 | D:10     | 9004 ||| FLEEEEING.
  9005 | D:10     | 9005 ||| FLEEEEING.
  9006 | D:10     | 9006 ||| FLEEEEING.
  9007 | D:10     | 9007 ||| FLEEEEING.
  9008 | D:10     | 9008 ||| FLEEEEING.
  9010 | D:10     | 9010 ||| FLEEEEING.
  9012 | D:10     | 9012 ||| FLEEEEING.
  9013 | D:10     | 9013 ||| FLEEEEING.
  9014 | D:10     | 9014 ||| FLEEEEING.
  9015 | D:10     | 9015 ||| FLEEEEING.
  9016 | D:10     | 9016 ||| FLEEEEING.
  9017 | D:10     | 9017 ||| FLEEEEING.
  9018 | D:10     | 9018 ||| FLEEEEING.
  9019 | D:10     | 9019 ||| FLEEEEING.
  9020 | D:10     | 9020 ||| FLEEEEING.
  9021 | D:10     | 9021 ||| FLEEEEING.
  9022 | D:10     | 9022 ||| FLEEEEING.
  9023 | D:10     | 9023 ||| FLEEEEING.
  9024 | D:10     | 9024 ||| FLEEEEING.
  9029 | D:10     | 9029 ||| FLEEEEING.
  9030 | D:10     | 9030 ||| FLEEEEING.
  9031 | D:10     | 9031 ||| FLEEEEING.
  9032 | D:10     | 9032 ||| FLEEEEING.
  9033 | D:10     | 9033 ||| FLEEEEING.
  9034 | D:10     | 9034 ||| FLEEEEING.
  9035 | D:10     | 9035 ||| FLEEEEING.
  9036 | D:10     | 9036 ||| FLEEEEING.
  9037 | D:10     | 9037 ||| FLEEEEING.
  9038 | D:10     | 9038 ||| FLEEEEING.
  9039 | D:10     | 9039 ||| FLEEEEING.
  9040 | D:10     | 9040 ||| FLEEEEING.
  9041 | D:10     | 9041 ||| FLEEEEING.
  9042 | D:10     | 9042 ||| FLEEEEING.
  9043 | D:10     | 9043 ||| FLEEEEING.
  9044 | D:10     | 9044 ||| FLEEEEING.
  9045 | D:10     | 9045 ||| FLEEEEING.
  9107 | D:10     | 9107 ||| Stepping ~*~*~tactically~*~*~ (hiding).
  9278 | D:10     | Found a shadowy altar of Dithmenos.
  9281 | D:10     | 9281 ||| INVOKING Heroism.
  9332 | D:10     | 9332 ||| Stepping ~*~*~tactically~*~*~ (stealth).
  9335 | D:10     | Found a basalt altar of Yredelemnul.
  9530 | D:10     | 9530 ||| Stepping ~*~*~tactically~*~*~ (hiding).
  9531 | D:10     | 9531 ||| Stepping ~*~*~tactically~*~*~ (hiding).
  9576 | D:10     | Found The Oracle's Delphic Readings.
  9580 | D:10     | 9580 ||| BUYING scroll of enchant armour (75 gold).
  9580 | D:10     | Bought a scroll of enchant armour for 75 gold pieces
  9580 | D:10     | 9580 ||| BUYING scroll of identify (20 gold).
  9580 | D:10     | Bought a scroll of identify for 20 gold pieces
  9580 | D:10     | 9580 ||| BUYING scroll of identify (20 gold).
  9580 | D:10     | Bought a scroll of identify for 20 gold pieces
  9580 | D:10     | 9580 ||| BUYING scroll of identify (20 gold).
  9580 | D:10     | Bought a scroll of identify for 20 gold pieces
  9580 | D:10     | 9580 ||| SHOPLISTING scroll of teleportation (30 gold, have
                  | 4).
  9580 | D:10     | 9580 ||| READING scroll of enchant armour.
  9580 | D:10     | 9580 ||| ENCHANTING +1 plate armour.
  9714 | D:10     | Found a staircase to the Lair.
  9950 | D:10     | 9950 ||| PLANNING LAIR
  9981 | Lair:1   | Entered Level 1 of the Lair of Beasts
  9982 | Lair:1   | 9982 ||| INVOKING Heroism.
 10001 | Lair:1   | Noticed Gastronok
 10002 | Lair:1   | 10002 ||| Stepping ~*~*~tactically~*~*~ (hiding).
 10005 | Lair:1   | 10005 ||| INVOKING Heroism.
 10016 | Lair:1   | Killed Gastronok
 10017 | Lair:1   | Reached skill level 6 in Invocations
 10083 | Lair:1   | 10083 ||| INVOKING Heroism.
 10083 | Lair:1   | Noticed a four-headed hydra
 10086 | Lair:1   | 10086 ||| SWAPPING to +0 flail of protection.
 10097 | Lair:1   | Killed a four-headed hydra
 10098 | Lair:1   | Reached skill level 11 in Axes
 10098 | Lair:1   | 10098 ||| SWAPPING to +2 spectral war axe.
 10107 | Lair:1   | Reached ***** piety under Okawaru
 10109 | Lair:1   | Received a gift from Okawaru
 10121 | Lair:1   | 10121 ||| INVOKING Heroism.
 10320 | Lair:1   | 10320 ||| Stepping ~*~*~tactically~*~*~ (stealth).
 10324 | Lair:1   | Reached XP level 12. HP: 80/80 MP: 17/17
 10370 | Lair:1   | 10370 ||| INVOKING Heroism.
 10371 | Lair:1   | 10371 ||| Stepping ~*~*~tactically~*~*~ (stealth).
 10372 | Lair:1   | 10372 ||| Stepping ~*~*~tactically~*~*~ (stealth).
 10695 | Lair:1   | 10695 ||| Stepping ~*~*~tactically~*~*~ (hiding).
 10697 | Lair:1   | 10697 ||| Stepping ~*~*~tactically~*~*~ (hiding).
 11252 | Lair:1   | 11252 ||| READING scroll labelled XATASO PUITETH.
 11253 | Lair:1   | 11253 ||| READING scroll labelled QIOPSU SIVUS.
 11254 | Lair:1   | 11254 ||| READING 5 scrolls of identify.
 11254 | Lair:1   | 11254 ||| IDENTIFYING sedimented orange potion
 11255 | Lair:1   | 11255 ||| DROPPING potion of degeneration.
 11289 | Lair:2   | Reached skill level 9 in Invocations
 11571 | Lair:2   | Noticed an eight-headed hydra
 11576 | Lair:2   | 11576 ||| INVOKING Heroism.
 11577 | Lair:2   | 11577 ||| INVOKING Finesse.
 11580 | Lair:2   | 11580 ||| SWAPPING to +0 flail of protection.
 11593 | Lair:2   | Killed an eight-headed hydra
 11594 | Lair:2   | Reached skill level 9 in Fighting
 11594 | Lair:2   | 11594 ||| SWAPPING to +2 spectral war axe.
 11731 | Lair:2   | Found a staircase to the Shoals.
 11742 | Lair:2   | Identified the +5 whip of Saroerehy {speed, Str+5}
 11744 | Lair:2   | 11744 ||| DROPPING +0 flail of protection.
 11819 | Lair:2   | 11819 ||| INVOKING Heroism.
 12055 | Lair:2   | 12055 ||| Stepping ~*~*~tactically~*~*~ (hiding).
 12056 | Lair:2   | 12056 ||| INVOKING Heroism.
 12157 | Lair:2   | 12157 ||| READING scroll labelled GEAHOI QARISU.
 12226 | Lair:3   | 12226 ||| INVOKING Heroism.
 12235 | Lair:3   | Reached skill level 12 in Axes
 12239 | Lair:3   | Reached XP level 13. HP: 44/88 MP: 18/20
 12240 | Lair:3   | Identified the scarf of Insurance {+Inv, Int+2} (Okawaru
                  | gifted it to you on level 3 of the Lair of Beasts)
 12240 | Lair:3   | Received a gift from Okawaru
 12244 | Lair:3   | 12244 ||| INVOKING Finesse.
 12247 | Lair:3   | 12247 ||| SWAPPING to +5 whip of Saroerehy {speed, Str+5}.
 12257 | Lair:3   | 12257 ||| SWAPPING to +2 spectral war axe.
 12456 | Lair:3   | 12456 ||| INVOKING Heroism.
 12457 | Lair:3   | 12457 ||| INVOKING Finesse.
 12464 | Lair:3   | 12464 ||| SWAPPING to +5 whip of Saroerehy {speed, Str+5}.
 12471 | Lair:3   | Reached skill level 3 in Dodging
 12471 | Lair:3   | 12471 ||| SWAPPING to +2 spectral war axe.
 12872 | Lair:3   | Found a staircase to the Snake Pit.
 13258 | Lair:3   | 13258 ||| INVOKING Heroism.
 13394 | Lair:3   | 13394 ||| DROPPING scarf of Insurance {+Inv, Int+2}.
 13442 | Lair:4   | 13442 ||| INVOKING Heroism.
 13491 | Lair:4   | 13491 ||| Stepping ~*~*~tactically~*~*~ (stealth).
 13503 | Lair:4   | Found a staircase to the Slime Pits.
 13503 | Lair:4   | Found a viscous altar of Jiyva.
 13504 | Lair:4   | 13504 ||| INVOKING Heroism.
 13513 | Lair:4   | HP: 20/88 [oklob plant/splash of acid (13)]
 13514 | Lair:4   | 13514 ||| READING 2 scrolls of teleportation.
 13515 | Lair:4   | 13515 ||| DRINKING potion of heal wounds.
 13517 | Lair:4   | HP: 3/88 [oklob plant/splash of acid (17)]
 13519 | Lair:4   | 13519 ||| Stepping ~*~*~tactically~*~*~ (hiding).
 13520 | Lair:4   | 13520 ||| Stepping ~*~*~tactically~*~*~ (hiding).
 13527 | Lair:4   | 13527 ||| READING scroll of teleportation.
 13531 | Lair:4   | 13531 ||| DRINKING potion of cancellation.
 13538 | Lair:4   | HP: 2/88 [elephant (7)]
 13541 | Lair:4   | 13541 ||| INVOKING Heroism.
 13550 | Lair:4   | Slain by a blink frog

Levels and vault maps discovered:
D:1:      wander_arrival_estate, layout_basic, shapermc_ecumenical_altar_petra
D:2:      layout_basic
D:3:      layout_basic, mainiacjoe_overflow_catwalk, serial_shops,
          nicolae_lakefront_shop, grunt_decor_clamped
D:4:      layout_basic, mainiacjoe_overflow_surrounded_room
D:5:      black_bear_nest_2, layout_rooms, xom_teletrap_fun,
          lemuel_doored_altar, lemuel_temple_firewalk_a, uniq_pikel, uniq_ijyb
D:6:      layout_cave_pools, gammafunk_temple_overflow_statue,
          old_standard_altar, lemuel_mausoleum_altar_kikubaaqudgha,
          mainiacjoe_overflow_concentric_impassable
D:7:      layout_layer_cave, nicolae_wu_jian_immortal_techniques, uniq_joseph
D:8:      layout_rooms, pdpol_temple_overflow_zin_treasury_gozag_greed,
          mainiacjoe_overflow_paths, uniq_grum
D:9:      layout_roguey, serial_shops, kennysheep_little_box, serial_rivers,
          chequers_serial_rivers_small_b, chequers_serial_rivers_micro_b,
          chequers_serial_rivers_micro_a, chequers_serial_rivers_room_a,
          chequers_serial_rivers_micro_e, chequers_serial_rivers_micro_c
D:10:     layout_cave_pods, mainiacjoe_overflow_24_doors,
          mainiacjoe_overflow_boulevard, lair_entry_dummy, erik_orc_3,
          nicolae_nh_oracle_at_delphi
Lair:1:   layout_cave_pods, lemuel_fruit_fields, uniq_gastronok
Lair:2:   layout_regular_city, minmay_shoals_entry_centaurs,
          infiniplex_staircase_pool
Lair:3:   layout_cave_pods, minmay_snake_entry_six_corridors,
          lightli_volcano_entry_magma_tube, grunt_megastairs_1
Lair:4:   dreamdust_cave_troll, layout_long_grid, minmay_slime_entry_oklob_open,
          serial_bayou_ford_a, eino_house_with_fridge

Skill      XL: |  1  2  3  4  5  6  7  8  9 10 11 12 13 |
---------------+----------------------------------------+-----
Axes           | 2 3 4 5 6 7 8 9 11 12 | 12.1
Fighting       | 4 6 7 8 9 10 | 10.0
Throwing       | 4 |  4.8
Invocations    | 4 7 10 | 10.0
Armour         | 4 5 6 7 8 |  8.0
Dodging        | 1 2 3 |  3.4
Shields        | 5 9 10 | 10.8

Action                     |  1- 3 |  4- 6 |  7- 9 | 10-12 | 13-15 || total
---------------------------+-------+-------+-------+-------+-------++-------
  Melee: War axe           |    88 |   171 |   284 |   359 |    39 ||   941
         Flail             |       |       |       |    24 |       ||    24
         Whip              |       |       |       |       |    15 ||    15
  Throw: Boomerang         |       |    24 |    38 |    58 |    15 ||   135
 Invoke: Heroism           |       |       |    12 |    17 |     5 ||    34
         Finesse           |       |       |       |     1 |     2 ||     3
    Use: Scroll            |     2 |    10 |     6 |    12 |     2 ||    32
         Potion            |       |     3 |     2 |     2 |     2 ||     9
   Stab: Distracted        |       |       |       |     7 |     1 ||     8
 Armour: Scale mail        |    25 |       |       |       |       ||    25
         Plate armour      |    27 |   128 |   245 |   211 |    22 ||   633
  Dodge: Dodged            |    29 |    45 |   166 |    89 |    13 ||   342
  Block: Buckler           |    15 |    19 |    95 |       |       ||   129
         Kite shield       |       |       |    11 |   213 |    18 ||   242

Table legend:
 A = Non-vault XP
 B = Vault XP
 C = Vault XP percentage of total XP
 D = Non-vault monster count
 E = Vault monster count
 F = Vault count percentage of total count
                 A         B        C        D         E       F
            +---------+---------+-------+---------+---------+-------
      Total |   31297 |    8110 |  20.6 |     263 |      54 |  17.0
            +---------+---------+-------+---------+---------+-------
        D:1 |      36 |       0 |   0.0 |      19 |       0 |   0.0
        D:2 |      75 |       0 |   0.0 |      14 |       0 |   0.0
        D:3 |     153 |       0 |   0.0 |      26 |       0 |   0.0
        D:4 |     431 |     617 |  58.9 |      21 |       1 |   4.5
        D:5 |     487 |     164 |  25.2 |      19 |       2 |   9.5
        D:6 |    1418 |     786 |  35.7 |      19 |      12 |  38.7
        D:7 |     606 |     471 |  43.7 |      10 |       1 |   9.1
        D:8 |     564 |     636 |  53.0 |      14 |       5 |  26.3
        D:9 |    1874 |       0 |   0.0 |      20 |       0 |   0.0
       D:10 |    4544 |     526 |  10.4 |      31 |      20 |  39.2
     Lair:1 |    6842 |    1513 |  18.1 |      32 |       1 |   3.0
     Lair:2 |    5425 |     225 |   4.0 |      14 |       2 |  12.5
     Lair:3 |    5962 |    2660 |  30.9 |      16 |       9 |  36.0
     Lair:4 |    2880 |     512 |  15.1 |       8 |       1 |  11.1
            +---------+---------+-------+---------+---------+-------
